 Dungeon Crawl Stone Soup version 0.29-a0-872-g797fff5ad1 (webtiles) character file.

Game seed: 10457455538242284300

114 lembark the Merchant of Misery (level 4, 0/23 (24) HPs)
             Began as a Deep Elf Necromancer on July 19, 2022.
             Was a Believer of Kikubaaqudgha.
             Slain by a necrophage (1 damage)
             ... on level 4 of the Dungeon.
             The game lasted 00:08:35 (3275 turns).

lembark the Merchant of Misery (DENe)               Turns: 3275, Time: 00:08:36

HP:   0/23 (24)     AC:  2    Str:  5    XL:     4   Next: 67%
MP:   6/12          EV: 13    Int: 22    God:    Kikubaaqudgha [**....]
Gold: 188           SH:  0    Dex: 15    Spells: 0/11 levels left

rFire   . . .      SeeInvis .   a - staff of death
rCold   . . .      Faith    .   (no shield)
rNeg    + . .      Spirit   .   d - +0 robe
rPois   .          Reflect  .   (no helmet)
rElec   .          Harm     .   (no cloak)
rCorr   .          Rampage  .   (no gloves)
Will    .....                   (no boots)
Stlth   ++........              (no amulet)
HPRegen 0.07/turn               (no ring)
MPRegen 0.13/turn               (no ring)

@: lightly drained
A: no striking features
a: Renounce Religion, Unearth Wretches


You were on level 4 of the Dungeon.
You worshipped Kikubaaqudgha.
Kikubaaqudgha was pleased with you.
You visited 1 branch of the dungeon, and saw 4 of its levels.

You collected 188 gold pieces.

Inventory:

Armour
 d - a +0 robe (worn)
Magical Staves
 a - a staff of death (weapon)
Jewellery
 b - a ring of fire
 c - a ring of willpower
 e - an amulet of the acrobat
Scrolls
 g - a scroll of noise {unknown}
 h - a scroll of poison {unknown}
 i - a scroll of magic mapping {unknown}
 k - a scroll of teleportation {unknown}
 o - a scroll of vulnerability {unknown}
 p - a scroll of brand weapon {unknown}
 r - a scroll of identify
Potions
 f - 2 potions of haste
 j - a potion of berserk rage {unknown}
 l - a potion of resistance {unknown}
 m - a potion of magic
 n - a potion of mutation {unknown}
 q - a potion of might {unknown}


   Skills:
 * Level 0.8 Fighting
 * Level 0.2 Staves
 * Level 2.7 Dodging
 * Level 2.9 Stealth
 * Level 4.4 Spellcasting
 * Level 0.9 Hexes
 * Level 5.9 Necromancy


You couldn't memorise any spells.
You knew the following spells:

 Your Spells              Type           Power      Damage    Failure   Level
a - Necrotise             Necr           100%       1d9       1%          1
b - Vampiric Draining     Necr           46%        2d9       2%          3
c - Anguish               Hex/Necr       15%        N/A       26%         4
t - Tukima's Dance        Hex            9%         N/A       22%         3

Your spell library contained the following spells:

 Spells                   Type           Power      Damage    Failure   Level
 Sublimation of Blood     Necr           46%        N/A       1%          2
 Animate Dead             Necr           46%        N/A       9%          4
 Wereblood                Tmut           4%         N/A       16%         2
 Portal Projectile        Hex/Tloc       14%        N/A       26%         3
 Agony                    Necr           46%        N/A       26%         5
 Blade Hands              Tmut           2%         N/A       96%         5
 Summon Hydra             Summ           2%         N/A       100%        7


Dungeon Overview and Level Annotations

Branches:
Dungeon (4/15)
 Temple: D:4-7

Altars:
Elyvilon
Gozag
Kikubaaqudgha
Lugonu

Shops:
D:3 ?

Portals:
Abyss: D:3


Message History

Unknown command.
Unknown command.
You feel sick. The necrophage barely misses you.
You see here an adder corpse.
Casting: Vampiric Draining (dangerous; 2% risk of failure)
Confirm with . or Enter, or press ? or * to list all spells.
You can't see any susceptible monsters within range! (Use Z to cast anyway.) Unknown command.
Casting: Vampiric Draining (dangerous; 2% risk of failure)
Confirm with . or Enter, or press ? or * to list all spells.
Okay, then.
You aren't carrying any items that you can evoke.
Unknown command.
You barely miss the necrophage.
You feel sick. The necrophage hits you.
You closely miss the necrophage.
You feel sick.
You are no longer poisoned.
The necrophage hits you. x2
You hit the necrophage.
The necrophage is lightly damaged.
The necrophage hits you.
* * * LOW HITPOINT WARNING * * *
You partially resist.
You feel drained.
You barely miss the necrophage.
The necrophage is lightly damaged.
The necrophage closely misses you.
You hit the necrophage.
The necrophage is lightly damaged.
The necrophage hits you but does no damage.
You closely miss the necrophage.
The necrophage is lightly damaged.
The necrophage hits you.
* * * LOW HITPOINT WARNING * * *
You hit the necrophage.
The necrophage is lightly damaged.
The necrophage barely misses you. x2
You hit the necrophage.
The necrophage is moderately damaged.
The necrophage hits you.
You die...
Kikubaaqudgha rasps: "You have failed me!
Welcome... death!"

..............
#.............
.#.............≈
#..............≈
...............≈
........>......≈
...............≈
#...@.......≈
##.n<.......≈
#..........≈
#...........
#...........
#...........
#...........
#...........
#...........


You could see a necrophage.

Vanquished Creatures
  5 adders
  A worm (D:3)
  2 dart slugs
  3 orcs (D:3)
  8 ball pythons
  5 endoplasms
  A giant cockroach (D:3)
  3 goblins
  3 hobgoblins
  2 jackals (D:2)
  5 kobolds
  3 quokkas
  5 bats
  3 frilled lizards
  4 rats
53 creatures vanquished.

Vanquished Creatures (collateral kills)
  A jackal (D:2)
  A ball python (D:2)
  2 rats
4 creatures vanquished.

Vanquished Creatures (others)
  A lurking horror (D:3)
1 creature vanquished.

Grand Total: 58 creatures vanquished

Notes
Turn   | Place    | Note
-------+----------+-------------------------------------------
     0 | D:1      | lembark the Deep Elf Necromancer began the quest for the
                  | Orb.
     0 | D:1      | Reached XP level 1. HP: 10/10 MP: 6/6
     0 | D:1      | Noticed a minotaur skeleton
     1 | D:1      | Noticed a naga
     4 | D:1      | Noticed a naga
     6 | D:1      | Noticed a troll
    11 | D:1      | Noticed a naga
    13 | D:1      | Noticed an elf
    16 | D:1      | Noticed a barachi
    16 | D:1      | Noticed a dwarf
    18 | D:1      | Noticed a merfolk
    22 | D:1      | Noticed a demonspawn zombie
    53 | D:1      | Reached skill level 5 in Necromancy
   409 | D:1      | Reached XP level 2. HP: 15/15 MP: 6/8
   829 | D:1      | Found a faded altar of an unknown god.
   958 | D:1      | Prayed at the altar of an unknown god.
   958 | D:1      | Became a worshipper of Kikubaaqudgha
   958 | D:1      | Reached * piety under Kikubaaqudgha
   958 | D:1      | Received a gift from Kikubaaqudgha
  1050 | D:1      | You fall into a shaft and drop 1 floor!
  1230 | D:2      | Reached XP level 3. HP: 20/20 MP: 8/10
  1239 | D:2      | Learned a level 3 spell: Vampiric Draining
  1783 | D:2      | Reached XP level 4. HP: 24/24 MP: 8/12
  2352 | D:3      | Reached ** piety under Kikubaaqudgha
  2473 | D:3      | Found a white marble altar of Elyvilon.
  2551 | D:3      | Found an opulent altar of Gozag.
  2607 | D:3      | Found Koh Get's Magic Scroll Shop.
  2900 | D:3      | Found a corrupted altar of Lugonu.
  2908 | D:3      | Found a one-way gate to the infinite horrors of the Abyss.
  3144 | D:4      | Noticed a necrophage
  3157 | D:3      | Learned a level 3 spell: Tukima's Dance
  3162 | D:3      | Learned a level 4 spell: Anguish
  3273 | D:4      | HP: 1/23 [necrophage (6)]
  3275 | D:4      | Slain by a necrophage

Illustrated notes

Levels and vault maps discovered:
D:1:      shiori_arrival_whats_in_store_for_you, layout_basic,
          basic_ecumenical_altar, serial_bayou_lagoon_b
D:2:      layout_loops_ring, mrwooster_statue_mirror, chequers_mini_garden
D:3:      layout_loops_ring, grunt_gozag_breadcrumbs,
          mainiacjoe_overflow_small_starburst, serial_shops, nicolae_shop_trees,
          minmay_misc_feat_encased, amcnicky_altar_lugonu_corruption
D:4:      layout_layer_cave, mainiacjoe_overflow_brackets, marbit_many_paths,
          minmay_temple_entry_large_hall, serial_shops,
          nicolae_shop_behind_doors, minmay_statues_item,
          corexii_leaking_fountain, kennysheep_doodads

Skill      XL: |  1  2  3 |
---------------+----------+-----
Necromancy     | 5 |  5.9
Spellcasting   | 4 |  4.4
Fighting       | |  0.8
Staves         | |  0.2
Dodging        | |  2.7
Stealth        | |  2.9
Hexes          | |  0.9

Action                   |  1- 3 |  4- 6 || total
-------------------------+-------+-------++-------
Melee: Staff             |       |     9 ||     9
       Rapier            |       |     1 ||     1
 Cast: Necrotise         |    48 |    39 ||    87
       Vampiric Draining |     1 |     1 ||     2
       Anguish           |       |     1 ||     1
  Use: Scroll            |     3 |       ||     3
Armor: Robe              |       |     3 ||     3
Dodge: Dodged            |    17 |    16 ||    33

Table legend: (Time is in decaauts)
 A = Elapsed time spent in this place.
 B = Non-inter-level travel time spent in this place.
 C = Inter-level travel time spent in this place.
 D = Time resting spent in this place.
 E = Time spent auto-exploring this place.
 F = Levels seen in this place.
 G = Mean time per level.
                   A        B        C        D        E       F      G
               +--------+--------+--------+--------+--------+-----+--------+
         Total |   3275 |   3240 |     35 |    989 |   1798 |   4 |  818.8 |
       Dungeon |   3275 |   3240 |     35 |    989 |   1798 |   4 |  818.8 |
               +--------+--------+--------+--------+--------+-----+--------+

Top non-repeatable levels by time:
     D:2: 1106 daAuts
     D:3: 1100 daAuts
     D:1: 1050 daAuts
     D:4: 18 daAuts
